 Dungeon Crawl Stone Soup version 0.24.0-123-gd5b16e6ec5 (webtiles) character file.

Game seed: 15434445610431851981, levelgen mode: deterministic

1831 ReteAZ the Ruffian (level 8, -4/80 HPs)
             Began as a Troll Fighter on Dec 16, 2019.
             Slain by a hippogriff (6 damage)
             ... on level 8 of the Dungeon.
             The game lasted 00:06:01 (4621 turns).

ReteAZ the Ruffian (Troll Fighter)                  Turns: 4621, Time: 00:06:01

Health: -4/80      AC:  6    Str: 22 (25) XL:     8   Next: 86%
Magic:  9/9        EV: 14    Int:  1 (4)  God:
Gold:   216        SH: 10    Dex: 14 (16) Spells: 7/7 levels left

rFire    . . .     SeeInvis .     - Unarmed
rCold    . . .     Gourm    +   b - +0 shield
rNeg     . . .     Faith    .   a - +0 robe
rPois    .         Spirit   .   (helmet restricted)
rElec    .         Reflect  .   (no cloak)
rCorr    .         Harm     .   (gloves unavailable)
MR       .....                  (boots unavailable)
Stlth    ++........             n - amulet of rage
HPRegen  0.63/turn              (no ring)
MPRegen  0.11/turn              (no ring)

@: agile, hasted, very quick
A: large, unfitting armour, claws 3, fast metabolism 3, gourmand, regeneration
1, shaggy fur 1, tough skin 3
a: Evoke Berserk Rage


You were on level 8 of the Dungeon.
You were full.

You visited 2 branches of the dungeon, and saw 9 of its levels.

You collected 216 gold pieces.

Inventory:

Missiles
 l - 10 boomerangs (quivered)
 r - a throwing net
Armour
 a - a +0 robe (worn)
 b - a +0 shield (worn)
Jewellery
 j - an uncursed amulet of regeneration
 k - an uncursed amulet of faith {unknown}
 n - an amulet of rage (around neck)
Scrolls
 f - 2 scrolls of fear {unknown}
 g - 2 scrolls of magic mapping {unknown}
 h - 2 scrolls of enchant weapon {unknown}
 i - 3 scrolls of teleportation {unknown}
 m - 5 scrolls of identify {unknown}
 o - 2 scrolls of remove curse {unknown}
 p - 2 scrolls of immolation {unknown}
 s - 2 scrolls of amnesia {unknown}
 w - a scroll of fog {unknown}
Potions
 c - 2 potions of might
 e - a potion of agility
 t - a potion of degeneration
 u - a potion of resistance {unknown}
 v - a potion of invisibility {unknown}
Comestibles
 d - 17 rations


   Skills:
 + Level 5.0 Fighting
 - Level 2.4 Dodging
 + Level 5.0 Shields
 * Level 7.7 Unarmed Combat
 + Level 3.2 Evocations


You had 7 spell levels left.
You didn't know any spells.
Your spell library contained the following spells:

 Spells                   Type           Power        Failure   Level  Hunger
 Confusing Touch          Hex            #.....       86%         1    ##.....
 Magic Dart               Conj           #...         86%         1    ##.....
 Blink                    Tloc           N/A          94%         2    ###....
 Call Imp                 Summ           #.......     94%         2    ###....
 Slow                     Hex            #.......     94%         2    ###....
 Confuse                  Hex            #.......     99%         3    ####...
 Conjure Flame            Conj/Fire      #.......     99%         3    ####...
 Gell's Gravitas          Tloc           #.........   99%         3    ####...
 Mephitic Cloud           Conj/Pois/Air  #.......     99%         3    ####...
 Petrify                  Tmut/Erth      #.......     100%        4    #####..
 Metabolic Englaciation   Hex/Ice        #.........   100%        5    ######.
 Yara's Violent Unravell  Hex/Tmut       #.........   100%        5    ######.


Dungeon Overview and Level Annotations

Branches:
Dungeon (8/15)             Temple (1/1) D:6
   Lair: D:8-11

Altars:
Ashenzari
Cheibriados
Dithmenos
Elyvilon
Fedhas
Gozag
Hepliaklqana
Kikubaaqudgha
Makhleb
Nemelex Xobeh
Qazlal
Ru
Sif Muna
Trog
Vehumet
Wu Jian
Xom
Zin
The Shining One


Innate Abilities, Weirdness & Mutations

You are too large for most types of armour.
You have claws for hands.
Your metabolism is lightning-fast.
You like to eat raw meat.
Your natural rate of healing is unusually fast.
You are covered in fur. (AC +1)
You have extremely tough skin. (AC +3)


Message History

a +0 chain mail; an orc corpse
There is a stone staircase leading up here.
It was a potion of degeneration.
There was something very wrong with that liquid.
You feel weakened.
You feel dopey.
You feel clumsy. You block the ice beast's attack.
The orc hits you but does no damage. The hippogriff bites you!
* * * LOW HITPOINT WARNING * * *
The hippogriff misses you.
The hippogriff claws you but does no damage.
It was a potion of agility.
You feel agile all of a sudden. The ice beast closely misses you.
The orc barely misses you. The hippogriff closely misses you.
You block the hippogriff's attack. The hippogriff claws you.
* * * LOW HITPOINT WARNING * * *
It was a potion of haste.
You feel yourself speed up.
The ice beast hits you but does no damage.
The hippogriff bites you.
You die... ##### #...# #.@.# #oYH#

#..[# #$).#
#...♣).......
##.....##..#.
##...## #
##.## #.


You could see a hippogriff, an ice beast and an orc.

Vanquished Creatures
  A water moccasin (D:4)
  An orc warrior (D:6)
  A black bear (D:7)
  A sky beast (D:5)
  A hornet zombie (D:5)
  2 centaurs
  A bullfrog (D:7)
  A wyvern zombie (D:6)
  2 wyvern skeletons (D:6)
  4 scorpions
  A water moccasin skeleton (D:6)
  3 crimson imps
  2 hounds (D:4)
  4 orc priests
  2 orc wizards
  5 worker ants
  Terence (D:2)
  A statue (D:4)
  A howler monkey zombie (D:6)
  3 worker ant zombies
  A howler monkey skeleton (D:7)
  5 adders
  2 shadow imps (D:5)
  2 oozes
  An adder skeleton (D:4)
  3 dart slugs
  3 leopard geckos
  16 orcs
  4 ball pythons
  3 bats
  2 giant cockroaches
  8 goblins
  4 hobgoblins
  4 quokkas
  4 frilled lizards
  A jackal skeleton (D:5)
  7 kobolds
  10 rats
118 creatures vanquished.

Vanquished Creatures (others)
  An orc wizard (D:8)
1 creature vanquished.

Grand Total: 119 creatures vanquished

Notes
Turn   | Place    | Note
-------+----------+-------------------------------------------
     0 | D:1      | ReteAZ the Troll Fighter began the quest for the Orb.
     0 | D:1      | Reached XP level 1. HP: 22/22 MP: 0/0
   138 | D:1      | Reached XP level 2. HP: 29/29 MP: 1/1
   352 | D:1      | Found a sparkling altar of Nemelex Xobeh.
   560 | D:1      | Reached XP level 3. HP: 36/36 MP: 2/2
   786 | D:2      | Noticed Terence
   794 | D:2      | Killed Terence
   794 | D:2      | Reached skill level 3 in Unarmed Combat
   813 | D:2      | Found a shimmering altar of Xom.
   942 | D:2      | Reached XP level 4. HP: 44/44 MP: 3/3
  1609 | D:3      | Reached skill level 4 in Unarmed Combat
  1609 | D:3      | Reached XP level 5. HP: 49/53 MP: 4/4
  1656 | D:3      | Found a bloodstained altar of Trog.
  2054 | D:4      | Noticed a water moccasin
  2060 | D:4      | Killed a water moccasin
  2060 | D:4      | Reached XP level 6. HP: 61/61 MP: 5/5
  2092 | D:4      | Reached skill level 5 in Unarmed Combat
  2092 | D:4      | Reached skill level 1 in Evocations
  2349 | D:4      | Found a radiant altar of Vehumet.
  2462 | D:5      | Entered Level 5 of the Dungeon
  2479 | D:5      | Reached XP level 7. HP: 38/68 MP: 5/7
  3229 | D:5      | Reached skill level 6 in Unarmed Combat
  3580 | D:6      | Reached XP level 8. HP: 73/79 MP: 8/8
  3737 | D:6      | Found a staircase to the Ecumenical Temple.
  3748 | Temple   | Entered the Ecumenical Temple
  4276 | D:7      | Reached skill level 7 in Unarmed Combat
  4598 | D:8      | Reached skill level 5 in Shields
  4604 | D:8      | Reached skill level 5 in Fighting
  4609 | D:8      | Noticed a hippogriff
  4620 | D:8      | HP: 1/80 [hippogriff (5)]
  4621 | D:8      | Slain by a hippogriff

Levels and vault maps discovered:
D:1:      giann_horns, layout_basic, nemelex_diamond_rough_becter
D:2:      layout_basic, marbit_many_paths, uniq_terence
D:3:      layout_basic, bloody_trog
D:4:      layout_rooms, vehumet_statue
D:5:      layout_basic, first_ration
D:6:      layout_basic, minmay_temple_entry_slanted, serial_undead,
          serial_undead_d, serial_undead_e, serial_undead_b, serial_undead_d
D:7:      black_bear_nest_2, layout_rooms
D:8:      layout_cave_pools, okawaru_gym_becter,
          yredelemnul_forgotten_temple_becter, hangedman_pestilent_swarm,
          grunt_ministairs_14, doesnt_xom_only_xom
Temple:   lightli_temple_of_artemis

Skill      XL: |  1  2  3  4  5  6  7  8 |
---------------+-------------------------+-----
Unarmed Combat | 3 4 5 6 7 |  7.7
Fighting       | 3 4 5 |  5.0
Shields        | 3 4 5 |  5.0
Evocations     | 1 2 3 |  3.2
Dodging        | |  2.4

Action                   |  1- 3 |  4- 6 |  7- 9 || total
-------------------------+-------+-------+-------++-------
Melee: Unarmed           |    92 |   115 |   155 ||   362
  Use: Potion            |       |       |     3 ||     3
 Stab: Sleeping          |       |     1 |     3 ||     4
  Eat: Chunk             |    14 |    13 |    18 ||    45
Armor: Robe              |    34 |    27 |    43 ||   104
Dodge: Dodged            |    24 |    35 |    49 ||   108
Block: Shield            |    47 |    42 |    82 ||   171
